 Dungeon Crawl Stone Soup version 0.30.0-18-gc0e69614cb (webtiles) character file.

Game seed: 12491181446033667811

105 NateTC the Magician (level 5, -3/38 HPs)
             Began as a Djinni Ice Elementalist on May 24, 2023.
             Slain by a gnoll
             ... wielding a +1 flail of holy wrath
              (13 damage)
             ... on level 3 of the Dungeon.
             The game lasted 00:03:57 (1614 turns).

NateTC the Magician (Djinni Ice Elementalist)       Turns: 1614, Time: 00:03:58

Health: -3/38      AC:  4    Str:  7    XL:     5   Next: 8%
Gold:   76         EV: 12    Int: 18    God:
                   SH:  0    Dex: 14

rFire   + + .        (no weapon)
rCold   . . .        (no shield)
rNeg    . . .        a - +0 robe
rPois   ∞            (no helmet)
rElec   .            c - +1 cloak
rCorr   .            (no gloves)
SInv    .            (boots unavailable)
Will    .....        (no amulet)
Stlth   ++           b - ring of protection from cold
HPRegen 0.26/turn    (no ring)
MPRegen 0.00/turn

%: infuse magic (-4 HP)
@: flying, very slightly contaminated
A: sickness immunity, fire resistance 2, cold vulnerability 1, float, innate
caster, HP casting, extra vitality 1
a: no special abilities


You were on level 3 of the Dungeon.
You visited 1 branch of the dungeon, and saw 3 of its levels.

You collected 76 gold pieces.

Inventory:

Armour
 a - a +0 robe (worn)
 c - a +1 cloak (worn)
Jewellery
 b - a ring of protection from cold (left hand)
 l - a ring of fire
Wands
 e - a wand of polymorph (6)
Scrolls
 d - a scroll of blinking
Potions
 f - 3 potions of lignification
 g - a potion of might
 i - 2 potions of flight
 j - a potion of brilliance {unknown}
 k - a potion of berserk rage {unknown}


   Skills:
 + Level 2.2 Fighting
 - Level 2.1 Dodging
 - Level 1.5 Stealth
 * Level 4.3 Spellcasting


You knew the following spells:

 Your Spells              Type           Power      Damage    Failure   Level
a - Freeze                Ice            76%        1d8       2%          1
b - Frozen Ramparts       Ice            38%        1d6       7%          3
c - Ozocubu's Armour      Ice            19%        N/A       7%          3
d - Summon Ice Beast      Ice/Summ       19%        N/A       24%         4
e - Magic Dart            Conj           76%        1d6       2%          1
f - Static Discharge      Conj/Air       38%        2-4/arc   3%          2
Your spell library was empty.

Dungeon Overview and Level Annotations

Branches:
Dungeon (3/15) Zot: 16386

Altars:


Innate Abilities, Weirdness & Mutations

You are immune to sickness and miasma.
You are immune to poison.
Your flesh is very heat resistant. (rF++)
You are vulnerable to cold. (rC-)
You float through the air rather than walking.
You learn spells naturally, not from books.
Your magical power is your life essence.
You have superior vitality. (+4 MHP)


Message History

You freeze the gnoll.
The gnoll is moderately wounded.
The gnoll shouts!
The wall freezes the gnoll.
The gnoll hits you but does no damage.
The wall freezes the gnoll.
The gnoll barely misses you.
You freeze the gnoll!
You kill the gnoll!
The wall freezes the gnoll.
The gnoll hits you from afar with a +0 spear!
You are too injured to fight recklessly!
The wall freezes the gnoll but does no damage.
The gnoll closely misses you.
The wall freezes the gnoll.
You kill the gnoll!
You have reached level 5!
The power to cast Static Discharge wells up from within.
Spell assigned to 'f'.
You start resting.
The frozen ramparts melt away.
A gnoll is nearby!
The gnoll hits you with a +1 flail of holy wrath!
* * * LOW HITPOINT WARNING * * *
You see here a +0 club.
You are too injured to fight recklessly!
You are too injured to fight recklessly!
Casting: Freeze (safe; 2% risk of failure)
Confirm with . or Enter, or press ? or * to list all spells.
Aiming: Freeze (safe; 2% risk of failure)
Press: ? - help, Shift-Dir - straight line, f - gnoll
Aim: a gnoll, wielding a +1 flail of holy wrath You miscast Freeze.
Nothing appears to happen.
* * * LOW HITPOINT WARNING * * *
A rat comes into view.
The gnoll hits you with a +1 flail of holy wrath.
* * * LOW HITPOINT WARNING * * *
Casting: Freeze (safe; 2% risk of failure)
Confirm with . or Enter, or press ? or * to list all spells.
You don't have enough health to cast this spell.
You feel better.
The gnoll hits you with a +1 flail of holy wrath!
You die...

###################
#.@................
#g#################
.r. # ###. # #. #
#. # #. ######## ..
#.......
#..#########.######


You could see a gnoll and a rat (wandering).

Vanquished Creatures
  2 gnolls (D:3)
  2 adders (D:2)
  2 worms (D:2)
  3 dart slugs
  An orc (D:3)
  4 ball pythons
  2 giant cockroaches (D:1)
  6 goblins
  2 hobgoblins (D:1)
  7 jackals
  2 quokkas (D:1)
  8 bats
  4 frilled lizards (D:1)
  4 kobolds
  3 rats
52 creatures vanquished.

Notes
Turn   | Place    | Note
-------+----------+-------------------------------------------
     0 | D:1      | NateTC the Djinni Ice Elementalist began the quest for the
                  | Orb.
     0 | D:1      | NateTC set off with the following spells memorised: Freeze,
                  | Frozen Ramparts, Ozocubu's Armour, Summon Ice Beast.
     0 | D:1      | Reached XP level 1. HP: 15/15 MP: 0/0
   104 | D:1      | Reached XP level 2. HP: 20/22 MP: 0/0
   314 | D:1      | Reached skill level 1 in Fighting
   362 | D:1      | Reached XP level 3. HP: 16/27 MP: 0/0
   362 | D:1      | Learned a level 1 spell: Magic Dart
  1070 | D:2      | Reached XP level 4. HP: 31/32 MP: 0/0
  1201 | D:2      | Reached skill level 4 in Spellcasting
  1611 | D:3      | Reached XP level 5. HP: 14/38 MP: 0/0
  1611 | D:3      | Learned a level 2 spell: Static Discharge
  1614 | D:3      | Slain by a gnoll

Illustrated notes

Levels and vault maps discovered:
D:1:      dpeg_arrival_central, layout_rooms, minmay_pentomino_s4
D:2:      layout_rooms
D:3:      layout_basic, shapermc_ecumenical_altar_acropolis, serial_shops, shop,
          eino_curves_02

Skill      XL: |  1  2  3  4 |
---------------+-------------+-----
Fighting       | 1 2 |  2.2
Spellcasting   | 4 |  4.3
Dodging        | |  2.1
Stealth        | |  1.5

Action                     |  1- 3 |  4- 6 || total
---------------------------+-------+-------++-------
  Melee: Unarmed           |     7 |     2 ||     9
   Cast: Freeze            |    56 |    26 ||    82
         Frozen Ramparts   |     1 |     2 ||     3
    Use: Scroll            |     6 |     2 ||     8
         Potion            |       |     1 ||     1
 Armour: Robe              |    11 |     5 ||    16
  Dodge: Dodged            |    28 |    23 ||    51
